 Dungeon Crawl Stone Soup version 0.16.1-17-g773cdaf (webtiles) character file.

81 tesudzi the Slasher (level 4, -2/35 HPs)
             Began as a Demonspawn Berserker on Apr 22, 2015.
             Was a Believer of Trog.
             Slain by Crazy Yiuf
             ... wielding a +4 quarterstaff of chaos
              (15 damage)
             ... on level 2 of the Dungeon.
             The game lasted 00:06:06 (2188 turns).

tesudzi the Slasher (Demonspawn Berserker)          Turns: 2188, Time: 00:06:06

Health: -2/35      AC:  4    Str: 17    XL:     4   Next: 20%
Magic:  0/4        EV: 12    Int:  8    God:    Trog [**....]
Gold:   124        SH:  0    Dex: 14    Spells: 0 memorised, 3 levels left

rFire  . . .     SeeInvis .     a - +0 falchion
rCold  . . .     Clarity  .     e - +0 robe
rNeg   . . .     SustAb   .     (no shield)
rPois  .         Gourm    .     (no helmet)
rElec  .         Spirit   +     d - +1 cloak
rCorr  .         Warding  .     (no gloves)
rMut   .         Stasis   .     (no boots)
MR     .....                    (no amulet)
Stlth  +.........               l - ring of stealth
                                j - ring of loudness (curse)

@: not resistant to hostile enchantments, very unstealthy
A: powered by pain 1, magic shield
a: Burn Spellbooks, Berserk, Trog's Hand, Renounce Religion


You were on level 2 of the Dungeon.
You worshipped Trog.
Trog was pleased with you.
You were not hungry.

You visited 1 branch of the dungeon, and saw 2 of its levels.

You collected 124 gold pieces.

Inventory:

Hand weapons
 a - a +0 falchion (weapon)
Armour
 b - a +0 animal skin
 d - a +1 cloak (worn)
 e - a +0 robe (worn)
Jewellery
 j - a cursed ring of loudness (left hand)
 l - a ring of stealth (right hand)
 q - a +2 ring of intelligence
Magical devices
 r - a wand of enslavement (8)
Scrolls
 h - a scroll of magic mapping {unknown}
 i - 2 scrolls of identify
 n - a scroll of recharging {unknown}
Potions
 f - a potion of flight
 k - a potion of agility {unknown}
 o - a potion of lignification {unknown}
 p - a potion of haste {unknown}
Comestibles
 c - 4 bread rations
 g - 3 fruits


   Skills:
 - Level 3.0 Fighting
 + Level 4.6 Long Blades
 - Level 1.7 Armour
 - Level 1.7 Dodging


You had 3 spell levels left.
You didn't know any spells.

Dungeon Overview and Level Annotations

Branches:
Dungeon (2/15)

Altars:
Qazlal

Annotations:
D:2 Crazy Yiuf


Innate Abilities, Weirdness & Mutations

You sometimes gain a little power by taking damage.
When hurt, damage is shared between your health and your magic reserves.


Message History

The quokka corpse is slowly consumed by flames.
Trog is pleased with you.
Found a hammer.
Crazy Yiuf the Enlightened comes into view.
He is wielding a quarterstaff of chaos.
Crazy Yiuf shouts!
Crazy Yiuf says, "Powder!
Buddy forty-two disdain."
You hit Crazy Yiuf.
Crazy Yiuf is moderately wounded.
Crazy Yiuf hits you with a quarterstaff of chaos!
You hit Crazy Yiuf but do no damage.
Crazy Yiuf is moderately wounded.
Crazy Yiuf hits you with a quarterstaff of chaos.
Crazy Yiuf burns you.
You hit Crazy Yiuf but do no damage.
Crazy Yiuf is moderately wounded.
You hit Crazy Yiuf.
Crazy Yiuf is heavily wounded.
Crazy Yiuf hits you with a quarterstaff of chaos!
You are electrocuted!
You die...

###># #..# # #.#
##.## # #.# #..#
# ### ##.# . #.#
.. #######.## ..
### ###.#......#
#
#...##..#.......#
#...g@####......#
#)..### ##....##
### ######


You could see Crazy Yiuf.

Vanquished Creatures
  2 adders (D:2)
  3 worms (D:2)
  An ooze (D:1)
  4 bats
  10 goblins
  5 hobgoblins
  6 jackals
  2 giant cockroaches
  A giant newt (D:1)
  4 kobolds
  A quokka (D:2)
  8 rats
47 creatures vanquished.

Notes
Turn   | Place    | Note
--------------------------------------------------------------
     0 | D:1      | tesudzi, the Demonspawn Berserker, began the quest for the Orb.
     0 | D:1      | Reached XP level 1. HP: 18/18 MP: 1/1
   286 | D:1      | Gained mutation: You sometimes gain a little power by taking damage. [demonic ancestry]
   286 | D:1      | Reached XP level 2. HP: 4/24 MP: 2/2
   823 | D:1      | Acquired Trog's second power
   986 | D:1      | Gained mutation: When hurt, damage is shared between your health and your magic reserves. [demonic ancestry]
   986 | D:1      | Reached XP level 3. HP: 25/29 MP: 3/3
  1145 | D:2      | Reached skill level 4 in Long Blades
  1151 | D:2      | Found a stormy altar of Qazlal.
  1808 | D:2      | Reached XP level 4. HP: 19/35 MP: 2/4
  2182 | D:2      | Noticed Crazy Yiuf
  2188 | D:2      | Slain by Crazy Yiuf

Action                   |  1- 3 |  4- 6 || total
-------------------------+-------+-------++-------
Melee: Falchion          |   189 |    28 ||   217
Invok: Berserk           |     2 |       ||     2
       Trog's Hand       |     2 |     1 ||     3
  Use: Scroll            |     5 |       ||     5
 Stab: Sleeping          |     1 |       ||     1
  Eat: Chunk             |     4 |       ||     4
       Meat ration       |       |     1 ||     1
